Workbook
Name \X: [0]!ERR
Name \X: [0]!ERR
Name \X: [0]!ERR
Name \X: [0]!ERR
Name \Z: [0]!ERR
Name \Z: [0]!ERR
Name \Z: [0]!ERR
Name \Z: [0]!ERR
Name __________________FS01: [0]!ERR
Name __________________FS01: [0]!ERR
Name __________________FS01: [0]!ERR
Name __________________FS01: [0]!ERR
Name __FS01: #N/A
Name _F: [0]!ERR
Name _F: [0]!ERR
Name _F: [0]!ERR
Name _F: [0]!ERR
Name _ff2005: [0]!ERR
Name _ff2005: [0]!ERR
Name _ff2005: [0]!ERR
Name _ff2005: [0]!ERR
Name _FS01: [0]!ERR
Name _FS01: [0]!ERR
Name _FS01: [0]!ERR
Name _FS01: [0]!ERR
Name _FS02: [0]!ERR
Name _FS02: [0]!ERR
Name _FS02: [0]!ERR
Name _FS02: [0]!ERR
Name _TD02: [0]!ERR
Name _TD02: [0]!ERR
Name _TD02: [0]!ERR
Name _TD02: [0]!ERR
Name A: #REF!
Name A_impresión_IM: #REF!
Name AAA: [0]!ERR
Name AAA: [0]!ERR
Name AAA: [0]!ERR
Name AAA: [0]!ERR
Name AIU: #REF!
Name AS: [0]!ERR
Name AS: [0]!ERR
Name AS: [0]!ERR
Name AS: [0]!ERR
Name asd: [0]!ERR
Name asd: [0]!ERR
Name asd: [0]!ERR
Name asd: [0]!ERR
Name Base_datos_IM: #REF!
Name BB: [0]!ERR
Name BB: [0]!ERR
Name BB: [0]!ERR
Name BB: [0]!ERR
Name Buscar: #REF!
Name casanare: [5]Listado!$F$1038:$F$1056
Name ccc: [0]!ERR
Name ccc: [0]!ERR
Name ccc: [0]!ERR
Name ccc: [0]!ERR
Name CERT: [0]!ERR

Sheet P.O. X ACTV (2)
D3: ESTUDIO PREVIO 01293 2023 CONCURSO DE MÉRITOS ABIERTO
D4: REALIZAR INTERVENTORÍA TÉCNICA, ADMINISTRATIVA, JURÍDICA, FINANCIERA, CONTABLE Y AMBIENTAL A LA PRESTACIÓN DEL SERVICIO DE ALIMENTACIÓN ESCOLAR PARA LOS ESTUDIANTES MATRICULADOS EN LAS INSTITUCIONES EDUCATIVAS OFICIALES DEL DEPARTAMENTO DE CASANARE.
B8: PRESUPUESTO INTERVENTORIA POR ACTIVIDADES
B10: ACTIVIDADES INTERVENTORIA | E10: UNIDAD | F10: CANTIDAD | G10: VALOR POR ACTIVIDAD
B13: 1. ACTIVIDADES PREVIAS A LA EJECUCIÓN: | E13: UND | F13: 1
B14: 1.1 Revisión y verificación de terminos del contrato intervenido | E14: UND | F14: 1
B15: 1.2 Cumplimiento requerimientos establecidos en el numeral 3.4 del Anexo Técnico Administrativo de la Resolución 0335 de 2021 (Etapa Preoperativa) | E15: UND | F15: 1
B16: 2. ACTIVIDADES EN ETAPA DE EJECUCIÓN: | E16: UND | F16: 1
B17: 2.1 Interventoria Técnica | E17: UND | F17: 1
B18: 2.2 Interventoria Administrativa | E18: UND | F18: 1
B19: 2.3 Interventoria Juridica | E19: UND | F19: 1
B20: 2,4 Interventoria Contable | E20: UND | F20: 1 | K20: 7793213502
B21: 2.5 Interventoria Ambiental | E21: UND | F21: 1 | K21: =+G25/K20 -> 0
B22: 2.6 Interventoria Financiera | E22: UND | F22: 1
B23: Costo Básico
B24: Costo IVA ( 19 % )
B25: Costo | I25: 0.4403
B26: Ajuste al peso
B27: Costo Total Final
B28: NOTA: | I28: 0.4971 | J28: =+I25+I28 -> 0.9374 | K28: =+J28*G25 -> 0
B29: 1. La forma de pago se establece en los documentos previos, pliego y contrato. | I29: 0.0626 | J29: =+I29 -> 0.0626 | K29: =+J29*G25 -> 0

Sheet PLAN DE CARGAS (2)
B2: CRONOGRAMA DE ACTIVIDADES Y PLAN DE CARGAS | AF2: PLAN DE CARGAS Y ASIGNACIÓN DE PERSONAL | BE2: PLAN DE CARGAS Y ASIGNACIÓN DE COSTOS DIRECTOS
B4: REALIZAR INTERVENTORÍA TÉCNICA, ADMINISTRATIVA, JURÍDICA, FINANCIERA, CONTABLE Y AMBIENTAL A LA PRESTACIÓN DEL SERVICIO DE ALIMENTACIÓN ESCOLAR PARA LOS ESTUDIANTES MATRICULADOS EN LAS INSTITUCIONES EDUCATIVAS OFICIALES DEL DEPARTAMENTO DE CASANARE. | AF4: OBJETO REALIZAR INTERVENTORÍA TÉCNICA, ADMINISTRATIVA, JURÍDICA, FINANCIERA, CONTABLE Y AMBIENTAL A LA PRESTACIÓN DEL SERVICIO DE ALIMENTACIÓN ESCOLAR PARA LOS ESTUDIANTES MATRICULADOS EN LAS INSTITUCIONES EDUCATIVAS OFICIALES DEL DEPARTAMENTO DE CASANARE. | BE4: OBJETO REALIZAR INTERVENTORÍA TÉCNICA, ADMINISTRATIVA, JURÍDICA, FINANCIERA, CONTABLE Y AMBIENTAL A LA PRESTACIÓN DEL SERVICIO DE ALIMENTACIÓN ESCOLAR PARA LOS ESTUDIANTES MATRICULADOS EN LAS INSTITUCIONES EDUCATIVAS OFICIALES DEL DEPARTAMENTO DE CASANARE.
B6: No. | C6: DESCRIPCIÓN DE PRODUCTOS | D6: TIEMPO DE EJECUCIÓN | AF6: PERSONAL INTERVENTOR | AI6: Director de Interventoría: Ingeniero de Alimentos o Microbiólogo con especialización en Ciencia y Tecnología de alimentos o Gestión de la calidad de alimentos o Gerencia de Proyectos o Afines a Proyectos y/o Gerencia o Evaluación Ambiental de Proyectos o Gestión y Evaluación Ambiental o Protección de Alimentos o Gerencia y/o Gestión de Producción y Productividad o Gerencia Ambiental o Gestión de la Calidad o Calidad y Gestión Integral; con experiencia profesional no menor de ocho (8) años y relacionada en proyectos de alimentación escolar de al menos tres (3) años ( Categoría 3 Tabla 1B de la HOJA DE CALCULO ACTUALIZACIÓN ENERO 16 2023 de la Res.0072 de 2022 ) | AK6: Coordinador Operativo de Interventoría: profesional en Administración de Empresas o Ingeniería de Alimentos o Ingeniería Industrial o Nutrición y Dietética; con experiencia profesional no menor de seis (6) años y relacionada en proyectos alimentación escolar de al menos dos (2) años y especialización en Ciencia y Tecnología de Alimentos (Categoría 4 Tabla 1B Res.0072 de 2022 por la cual se Modifica parcialmente la Resolución 0056 de 2018 tope máximo vigencia 2022) | AM6: Coordinador de Calidad de Interventoría: profesional en Ingeniería de Alimentos o Químico de Alimentos; con experiencia profesional no menor de seis (6) años y relacionada en proyectos alimentación escolar de al menos dos (2) años y especialización en Seguridad y Calidad Alimentaria (Categoría 4 Tabla 1B Res.0072 de 2022 por la cual se Modifica parcialmente la Resolución 0056 de 2018 tope máximo vigencia 2022) | AO6: Administrador Logistico de Interventoría: Profesional en Administración Logistica o Logistica Empresarial o Logistica y mercado Organizacional o Administración de empresas o Ingenieria de Alimentos con experiencia profesional no menor de cuatro (4) años y relacionada en proyectos alimentación escolar de al menos dos (2) años (Categoría 5 Tabla 1B de la HOJA DE CALCULO ACTUALIZACIÓN ENERO 16 2023 de la Res.0072 de 2022 ) | AQ6: Supervisor de Interventoría: profesional en Ingeniería de Alimentos o Microbiología o Bacteriología o Nutrición y Dietética; con experiencia profesional no menor de dos (2) años (Categoría 7 Tabla 1B de la HOJA DE CALCULO ACTUALIZACIÓN ENERO 16 2023 de la Res.0072 de 2022 ) | AS6: Contador Público de Interventoría: profesional en Contaduría Pública; con experiencia profesional no menor de dos (2) años (Categoría 7 Tabla 1B de la HOJA DE CALCULO ACTUALIZACIÓN ENERO 16 2023 de la Res.0072 de 2022 ) | AU6: Abogado de Interventoría: profesional en Derecho; con experiencia profesional no menor de dos (2) años (Categoría 7 Tabla 1B de la HOJA DE CALCULO ACTUALIZACIÓN ENERO 16 2023 de la Res.0072 de 2022 ) | AW6: Tecnico en Control de Calidad de Alimentos o en Procesamiento de Alimentos; (Categoría única Tabla 2 de la HOJA DE CALCULO ACTUALIZACIÓN ENERO 16 2023 de la Res.0072 de 2022 ) | AY6: Auxiliar Administrativo de Interventoría, (Categoría única Tabla 3 de la HOJA DE CALCULO ACTUALIZACIÓN ENERO 16 2023 de la Res.0072 de 2022 ) | BA6: TOTAL COSTO DE PERSONAL POR PRODUCTOS | BB6: TOTAL COSTOS INCLUYE OTROS GASTOS (PRESTACIONALES, ADMINISTRATIVOS Y LEGALES - F.M. 2,09%) | BE6: COSTOS DIRECTOS INTERVENTORÍA | BG6: Pruebas de laboratorio para validación de calidad microbioológica del servicio, estipulada en la Resolución 0335 de 2021 (Soportado en Cotización de Estudio de Mercado) | BI6: Alquiler de oficina ( TABLA 6 de la HOJA DE CALCULO ACTUALIZACIÓN ENERO 16 2023 de la Res.0072 de 2022 ) | BK6: Gastos de papelería; alquiler de computador, scanner, cámara fotográfica, impresora, equipos técnicos y de oficina; fotocopias, papeleria, informes, procesamiento de documentos, entre otros. (Soportado en Cotización de Estudio de Mercado) | BM6: Vehiculo tipo campero PICK UP, camioneta o similar, con cilindraje desde 2000 cc hasta 2999 cc incluyendo los costos de mantenimiento, conductor y combustible Modelo 2019 igual o superior (Decreto.0051 de 2022) | BO6: COSTOS DIRECTOS POR PRODUCTOS | BP6: COSTO FINAL POR PRODUCTO
D7: MES | G7: 1 | H7: MES | K7: 2 | L7: MES | O7: 3 | P7: MES | S7: 4 | T7: MES | W7: 5 | X7: MES | AA7: 6 | AB7: MES | AE7: 7 | AF7: No. | AG7: ACTIVIDADES | AH7: ASIGNACIÓN DE PERSONAL PARA REALIZAR EL PRODUCTO | AI7: MES | AK7: MES | AM7: MES | AO7: MES | AQ7: MES | AS7: MES | AU7: MES | AW7: MES | AY7: MES | BE7: No. | BF7: ACTIVIDADES | BG7: TIEMPO | BH7: COSTO PARCIAL | BI7: TIEMPO | BJ7: COSTO PARCIAL | BK7: UNIDAD | BL7: COSTO PARCIAL | BM7: TIEMPO MES | BN7: CANTIDAD MENSUAL | BO7: VALOR
D8: SEM 1 | E8: SEM 2 | F8: SEM 3 | G8: SEM 4 | H8: SEM 1 | I8: SEM 2 | J8: SEM 3 | K8: SEM 4 | L8: SEM 1 | M8: SEM 2 | N8: SEM 3 | O8: SEM 4 | P8: SEM 1 | Q8: SEM 2 | R8: SEM 3 | S8: SEM 4 | T8: SEM 1 | U8: SEM 2 | V8: SEM 3 | W8: SEM 4 | X8: SEM 1 | Y8: SEM 2 | Z8: SEM 3 | AA8: SEM 4 | AB8: SEM 1 | AC8: SEM 2 | AD8: SEM 3 | AE8: SEM 4 | AI8: =+'Anexo No. 5 P.E. (2)'!H9 -> 7 | AK8: =+'Anexo No. 5 P.E. (2)'!H9 -> 7 | AM8: =+'Anexo No. 5 P.E. (2)'!L5 -> 7 | AO8: =+'Anexo No. 5 P.E. (2)'!L5 -> 7 | AQ8: =+'Anexo No. 5 P.E. (2)'!H13 -> 7 | AS8: =+'Anexo No. 5 P.E. (2)'!H14 -> 7 | AU8: =+'Anexo No. 5 P.E. (2)'!H15 -> 7 | AW8: =+'Anexo No. 5 P.E. (2)'!H15 -> 7 | AY8: =+'Anexo No. 5 P.E. (2)'!L5 -> 7 | BG8: 7 MESES | BI8: 7 MESES | BK8: 7 MESES | BM8: 7 MESES | BN8: 5
AI9: VALOR MES | AK9: VALOR MES | AM9: VALOR MES | AO9: VALOR MES | AQ9: VALOR MES | AS9: VALOR MES | AU9: VALOR MES | AW9: VALOR MES | AY9: VALOR MES | BG9: CANTIDAD MENSUAL | BI9: CANTIDAD MENSUAL | BK9: CANTIDAD MENSUAL | BM9: % DEDICACIÓN | BN9: COSTO
BG10: 24 | BI10: 1 | BK10: 1 | BM10: =+'Anexo No. 5 P.E. (2)'!I26 -> 1
B11: 1. | C11: ACTIVIDADES PREVIAS A LA EJECUCIÓN
B12: 1.1. | C12: Revisión y verificación de terminos del contrato intervenido | D12: 1 | E12: 1 | AF12: 1 | AG12: Revisión y verificación de terminos del contrato intervenido | AH12: Todo el personal vinculado | BE12: 1 | BF12: Revisión y verificación de terminos del contrato intervenido | BG12: 0.34
B13: 1.2. | C13: Cumplimiento requerimientos establecidos en el numeral 3.4 del Anexo Técnico Administrativo de la Resolución 0335 de 2021 (Etapa Preoperativa) | D13: 1 | E13: 1 | AF13: 2 | AG13: Cumplimiento requerimientos establecidos en el numeral 3.4 del Anexo Técnico Administrativo de la Resolución 0335 de 2021 (Etapa Preoperativa) | AH13: Todo el personal vinculado | BE13: 2 | BF13: Cumplimiento requerimientos establecidos en el numeral 3.4 del Anexo Técnico Administrativo de la Resolución 0335 de 2021 (Etapa Preoperativa) | BG13: 0.34
B14: 2. | C14: ACTIVIDADES EN ETAPA DE EJECUCIÓN | BG14: 0
B15: 2.1. | C15: Interventoria Técnica | D15: 1 | E15: 1 | F15: 1 | G15: 1 | H15: 1 | I15: 1 | J15: 1 | K15: 1 | L15: 1 | M15: 1 | N15: 1 | O15: 1 | P15: 1 | Q15: 1 | R15: 1 | S15: 1 | T15: 1 | U15: 1 | V15: 1 | W15: 1 | X15: 1 | Y15: 1 | Z15: 1 | AA15: 1 | AB15: 1 | AC15: 1 | AD15: 1 | AE15: 1 | AF15: 3 | AG15: Interventoria Técnica | AH15: Director, Coordinador de Calidad, Supervisor de Interventoría, Tecnico Control Calidad, Auxiliar Administrativo | BE15: 3 | BF15: Interventoria Técnica | BG15: 4.78
B16: 2.2. | C16: Interventoria Administrativa | D16: 1 | E16: 1 | F16: 1 | G16: 1 | H16: 1 | I16: 1 | J16: 1 | K16: 1 | L16: 1 | M16: 1 | N16: 1 | O16: 1 | P16: 1 | Q16: 1 | R16: 1 | S16: 1 | T16: 1 | U16: 1 | V16: 1 | W16: 1 | X16: 1 | Y16: 1 | Z16: 1 | AA16: 1 | AB16: 1 | AC16: 1 | AD16: 1 | AE16: 1 | AF16: 4 | AG16: Interventoria Administrativa | AH16: Director, Coordinador Operativo, Supervisor de Interventoría, Abogado, Contador, Auxiliar Administrativo | BE16: 4 | BF16: Interventoria Administrativa | BG16: 0
B17: 2.3. | C17: Interventoria Juridica | D17: 1 | G17: 1 | H17: 1 | K17: 1 | L17: 1 | O17: 1 | P17: 1 | S17: 1 | T17: 1 | W17: 1 | X17: 1 | AA17: 1 | AB17: 1 | AE17: 1 | AF17: 5 | AG17: Interventoria Juridica | AH17: Director, Supervisores de Interventoría, Abogado, Auxiliar Administrativo | BE17: 5 | BF17: Interventoria Juridica | BG17: 0
B18: 2.4. | C18: Interventoria Contable | D18: 1 | F18: 1 | G18: 1 | J18: 1 | K18: 1 | N18: 1 | O18: 1 | R18: 1 | S18: 1 | V18: 1 | W18: 1 | Z18: 1 | AA18: 1 | AD18: 1 | AE18: 1 | AF18: 6 | AG18: Interventoria Contable | AH18: Director, Supervisor de Interventoría, Contador, Auxiliar Administrativo | BE18: 6 | BF18: Interventoria Contable | BG18: 0
B19: 2.5. | C19: Interventoria Ambiental | D19: 1 | E19: 1 | I19: 1 | M19: 1 | Q19: 1 | U19: 1 | Y19: 1 | AB19: 1 | AE19: 1 | AF19: 7 | AG19: Interventoria Ambiental | AH19: Director, Coordinador de Calidad, Supervisor de Interventoría, Tecnico Control Calidad ,Auxiliar Administrativo | BE19: 7 | BF19: Interventoria Ambiental | BG19: 1.54
B20: 2.6. | C20: Interventoria Financiera | D20: 1 | G20: 1 | H20: 1 | K20: 1 | L20: 1 | O20: 1 | P20: 1 | S20: 1 | T20: 1 | W20: 1 | X20: 1 | AA20: 1 | AB20: 1 | AE20: 1 | AF20: 8 | AG20: Interventoria Financiera | AH20: Director, Coordinador Operativo, Contador Público,Auxiliar Administrativo | BE20: 8 | BF20: Interventoria Financiera | BG20: 0
AF21: TIEMPO TOTAL DEDICADO ACTIVIDAD - PROFESIONAL | BE21: TIEMPO TOTAL DEDICACIÓN | BG21: =SUM(BG12:BG20) -> 7
AF22: RESTRICCIÓN EN MESES | BE22: RESTRICCIÓN EN MESES | BG22: =+BG21 -> 7 | BI22: =+'Anexo No. 5 P.E. (2)'!H24 -> 7 | BK22: =+'Anexo No. 5 P.E. (2)'!H25 -> 7 | BM22: =+'Anexo No. 5 P.E. (2)'!H26 -> 7 | BO22: IVA
AF23: % DE DEDICACIÓN PERSONAL REQUERIDO | BB23: 1042492000 | BE23: % DE DEDICACIÓN PERSONAL REQUERIDO | BG23: 1 | BI23: 1 | BK23: 1 | BM23: =+BM10 -> 1 | BO23: COSTO
AF24: CANTIDAD PERSONAL REQUERIDO | BE24: CANTIDAD REQUERIDA | BG24: 24 | BI24: 1 | BK24: 1 | BM24: =+BN8 -> 5 | BO24: AJUSTE AL PESO
BO25: COSTO TOTAL FINAL

Sheet Anexo No. 5 P.E. (2)
B2: PRESUPUESTO DE INTERVENTORÍA
B3: OBJETO: | C3: REALIZAR INTERVENTORÍA TÉCNICA, ADMINISTRATIVA, JURÍDICA, FINANCIERA, CONTABLE Y AMBIENTAL A LA PRESTACIÓN DEL SERVICIO DE ALIMENTACIÓN ESCOLAR PARA LOS ESTUDIANTES MATRICULADOS EN LAS INSTITUCIONES EDUCATIVAS OFICIALES DEL DEPARTAMENTO DE CASANARE.
C4: FACTOR MULTIPLICADOR | F4: OTROS GASTOS (PRESTACIONALES, ADMINISTRATIVOS Y LEGALES %) | J4: 2.09
K5: Plazo = | L5: 7 | M5: Meses
B6: 1. COSTOS DE PERSONAL
B7: PERSONAL | E7: No | F7: SUELDO MES | G7: DÍAS | H7: TIEMPO MES | I7: TIEMPO EFECTIVO | J7: VR. BÁSICO | L7: GASTOS PRESTACIONALES, ADMINISTRATIVOS Y LEGALES (%) | M7: VR. PARCIAL
S8: DÍAS
B9: Director de Interventoría: Ingeniero de Alimentos o Microbiólogo con especialización en Ciencia y Tecnología de alimentos o Gestión de la calidad de alimentos o Gerencia de Proyectos o Afines a Proyectos y/o Gerencia o Evaluación Ambiental de Proyectos o Gestión y Evaluación Ambiental o Protección de Alimentos o Gerencia y/o Gestión de Producción y Productividad o Gerencia Ambiental o Gestión de la Calidad o Calidad y Gestión Integral; con experiencia profesional no menor de ocho (8) años y relacionada en proyectos de alimentación escolar de al menos tres (3) años ( Categoría 3 Tabla 1B de la HOJA DE CALCULO ACTUALIZACIÓN ENERO 16 2023 de la Res.0072 de 2022 ) | C9: Profesional 6 (Director) | D9: Profesional 6 (Director) | E9: 1 | G9: =+(H9*30)*I9 -> 210 | H9: =+L5 -> 7 | I9: 1 | S9: =H9*30*I9 -> 210
B10: Coordinador Operativo de Interventoría: profesional en Administración de Empresas o Ingeniería de Alimentos o Ingeniería Industrial o Nutrición y Dietética; con experiencia profesional no menor de seis (6) años y relacionada en proyectos alimentación escolar de al menos dos (2) años y especialización en Ciencia y Tecnología de Alimentos (Categoría 4 Tabla 1B Res.0072 de 2022 por la cual se Modifica parcialmente la Resolución 0056 de 2018 tope máximo vigencia 2022) | E10: 1 | G10: =+(H10*30)*I10 -> 157.5 | H10: =+L5 -> 7 | I10: 0.75
B11: Coordinador de Calidad de Interventoría: profesional en Ingeniería de Alimentos o Químico de Alimentos; con experiencia profesional no menor de seis (6) años y relacionada en proyectos alimentación escolar de al menos dos (2) años y especialización en Seguridad y Calidad Alimentaria (Categoría 4 Tabla 1B Res.0072 de 2022 por la cual se Modifica parcialmente la Resolución 0056 de 2018 tope máximo vigencia 2022) | E11: 1 | G11: =+(H11*30)*I11 -> 157.5 | H11: =+L5 -> 7 | I11: 0.75
B12: Administrador Logistico de Interventoría: Profesional en Administración Logistica o Logistica Empresarial o Logistica y mercado Organizacional o Administración de empresas o Ingenieria de Alimentos con experiencia profesional no menor de cuatro (4) años y relacionada en proyectos alimentación escolar de al menos dos (2) años (Categoría 5 Tabla 1B de la HOJA DE CALCULO ACTUALIZACIÓN ENERO 16 2023 de la Res.0072 de 2022 ) | E12: 1 | G12: =+(H12*30)*I12 -> 157.5 | H12: =+L5 -> 7 | I12: 0.75
B13: Supervisor de Interventoría: profesional en Ingeniería de Alimentos o Microbiología o Bacteriología o Nutrición y Dietética; con experiencia profesional no menor de dos (2) años (Categoría 7 Tabla 1B de la HOJA DE CALCULO ACTUALIZACIÓN ENERO 16 2023 de la Res.0072 de 2022 ) | E13: 5 | G13: =+(H13*30)*I13 -> 210 | H13: =+L5 -> 7 | I13: 1
B14: Contador Público de Interventoría: profesional en Contaduría Pública; con experiencia profesional no menor de dos (2) años (Categoría 7 Tabla 1B de la HOJA DE CALCULO ACTUALIZACIÓN ENERO 16 2023 de la Res.0072 de 2022 ) | E14: 1 | G14: =+(H14*30)*I14 -> 157.5 | H14: =+H9 -> 7 | I14: 0.75
B15: Abogado de Interventoría: profesional en Derecho; con experiencia profesional no menor de dos (2) años (Categoría 7 Tabla 1B de la HOJA DE CALCULO ACTUALIZACIÓN ENERO 16 2023 de la Res.0072 de 2022 ) | E15: 1 | G15: =+(H15*30)*I15 -> 157.5 | H15: =+L5 -> 7 | I15: 0.75
B16: Tecnico en Control de Calidad de Alimentos o en Procesamiento de Alimentos; (Categoría única Tabla 2 de la HOJA DE CALCULO ACTUALIZACIÓN ENERO 16 2023 de la Res.0072 de 2022 ) | E16: 5 | G16: =+(H16*30)*I16 -> 210 | H16: =+L5 -> 7 | I16: 1
B17: Auxiliar Administrativo de Interventoría, (Categoría única Tabla 3 de la HOJA DE CALCULO ACTUALIZACIÓN ENERO 16 2023 de la Res.0072 de 2022 ) | E17: 2 | G17: =+(H17*30)*I17 -> 210 | H17: =+L5 -> 7 | I17: 1
E18: =SUM(E9:E17) -> 18 | I18: TOTAL COSTOS DE PERSONAL
B20: 2. COSTOS DIRECTOS
B21: CONCEPTO | E21: UND | F21: VALOR | G21: DÍAS | H21: TIEMPO MES | I21: % DEDICACIÓN | J21: CANT MENSUAL | K21: VR. PARCIAL
F22: MES
B23: Pruebas de laboratorio para validación de calidad microbioológica del servicio, estipulada en la Resolución 0335 de 2021 (Soportado en Cotización de Estudio de Mercado) | E23: UNIDAD | G23: =+(H23*30)*I23 -> 210 | H23: =+L5 -> 7 | I23: 1 | J23: 24
B24: Alquiler de oficina ( TABLA 6 de la HOJA DE CALCULO ACTUALIZACIÓN ENERO 16 2023 de la Res.0072 de 2022 ) | E24: MES | G24: =+(H24*30)*I24 -> 210 | H24: =+L5 -> 7 | I24: 1 | J24: 1
B25: Gastos de papelería; alquiler de computador, scanner, cámara fotográfica, impresora, equipos técnicos y de oficina; fotocopias, papeleria, informes, procesamiento de documentos, entre otros. (Soportado en Cotización de Estudio de Mercado) | C25: Gastos de Papeleria , gastos de oficina arriendos | D25: Gastos de Papeleria , gastos de oficina arriendos | E25: MES | G25: =+(H25*30)*I25 -> 210 | H25: =+L5 -> 7 | I25: 1 | J25: 1
B26: Vehiculo tipo campero PICK UP, camioneta o similar, con cilindraje desde 2000 cc hasta 2999 cc incluyendo los costos de mantenimiento, conductor y combustible Modelo 2019 igual o superior (Decreto.0051 de 2022) | C26: Vehiculos > 2.000 c.c. (Incluye conductor) | D26: Vehiculos > 2.000 c.c. (Incluye conductor) | E26: UNIDAD | G26: =+(H26*30)*I26 -> 210 | H26: =+L5 -> 7 | I26: 1 | J26: 5
I28: TOTAL OTROS COSTOS DIRECTOS
B30: 3. COSTOS DE PERSONAL + COSTOS DIRECTOS
B32: 4. IVA 19%
B34: 5. COSTO
B36: 6. COSTO AJUSTAD AL PESO
B38: 7. COSTO TOTAL FINAL

Sheet Hoja1
B2: ABRIL | C2: 2
B3: MAYO | C3: 2
B4: JUNIO | C4: 3
B5: JULIO | C5: 3
B6: AGOSTO | C6: 4
B7: SEPTIEMBRE | C7: 5
B8: OCTUBRE | C8: 3
B9: NOVIEMBRE | C9: 4
B10: DICIEMBRE | C10: 2
C11: =+SUM(C2:C10) -> 28 | D11: =+C11/4 -> 7
